[Event "Late-Titled-Tuesday-Blitz-September-12-2023"]
[Site "Chess.com"]
[Date "2023.09.12"]
[Round "5"]
[White "Dewarfd"]
[Black "Jenia84"]
[Result "0-1"]
[WhiteElo "2202"]
[BlackElo "2366"]
[TimeControl "180+1"]
[EndTime "14:53:47 PDT"]
[Termination "Jenia84 won by checkmate"]

1. d4 Nf6 2. e3 e6 3. Nf3 b6 4.
Bd3 Bb7 5. O-O Be7 6. b3 O-O 7.
Bb2 c5 8. Nbd2 d5 9. Ne5 Nbd7 10.
f4 Rc8 11. Qf3 a6 12. Rad1 b5 13. c4 bxc4 14. bxc4 Qb6 15. Rb1 dxc4 16. Be4 Nxe5 17.
fxe5 Nxe4 18. Nxe4 Qc6 19. Nd2 Qxf3 20. Nxf3 Be4 21.
Rbc1 cxd4 22. Bxd4 Bd3 23. Rfd1 Bb4 24. Bc3 a5 25.
Ne1 Be4 26. Rd4 Bd5 27. e4 Bb7 28. Bxb4 axb4 29. Rdxc4 Ba6 30. Rxc8 Rxc8 31. Rxc8+ Bxc8 32. Kf2 Ba6 33. Nc2 Bd3 34. Nxb4 Bxe4 35. g3 f6 36. Ke3 Bb7 37. Kd4 Kf7 38. a4 h5 39. a5 g5 40.
a6 Ba8 41. Nd3 Kg6 42. Kc5 Kf5 43. exf6 Kxf6 44. Kd6 Kf5 45. Ne5 h4 46. gxh4 gxh4 47. a7 h3 48. Nc6 Kf4 49. Ne5 Ke3 50. Kxe6 Kf2 51. Ng4+ Kf3 52. Nf6 Kg2 53. Nd7 Kxh2 54. Nb6 Bb7 55. Kd6 Kg1 56. Kc7 Be4 57. Na4 h2 58.
Nc5 Ba8 59. Kb8 h1=Q 60. Na6 Qc6 61. Nc7 Qb7# 0-1

[Event "Late-Titled-Tuesday-Blitz-September-12-2023"]
[Site "Chess.com"]
[Date "2023.09.12"]
[Round "5"]
[White "Flaccidmoves"]
[Black "HrvojeZagreb"]
[Result "1-0"]
[WhiteElo "2451"]
[BlackElo "2277"]
[TimeControl "180+1"]
[EndTime "14:53:49 PDT"]
[Termination "Flaccidmoves won on time"]

1. e4 c5 2. c3 d5 3. exd5 Qxd5 4. d4 Nf6 5. Nf3 e6 6. Be2 Be7 7. O-O Nc6 8. Be3 cxd4 9. cxd4 O-O 10. Nc3 Qa5 11.
Rc1 Nd5 12. Nxd5 Qxd5 13. Bc4 Qh5 14. d5 exd5 15. Qxd5 Qxd5 16. Bxd5 Bf6 17. Bxc6 bxc6 18. Bd4 Bxd4 19. Nxd4 Rb8 20. b3 Bd7 21. Nxc6 Bxc6 22. Rxc6 Rfc8 23. Rfc1 Rxc6 24. Rxc6 g6 25. Rc7 Ra8 26.
Kf1 Kg7 27. Ke2 Kf6 28. Kd3 Ke6 29. Kc4 a5 30. a4 h5 31. Rb7 g5 32. Kb5 f5 33.
Rh7 h4 34. Rh6+ Ke5 35. Rg6 g4 36. Rh6 Rb8+ 37. Kxa5 Rxb3 38. Rxh4 Rb2 39. g3 Rxf2 40.
Kb6 Rb2+ 41. Ka6 Ke4 42. a5 Ra2 43. Kb6 Ke5 44. a6 Ke4 45. a7 Rb2+ 46. Kc7 Ra2 47. Kb7 Rb2+ 48. Ka8 Kf3 49. Rh7 Kg2 50. Rb7 Ra2 51. Kb8 Kxh2 52. Rb3 f4 53. gxf4 g3 54.
a8=Q Rxa8+ 55. Kxa8 g2 56. Rb2 1-0

[Event "Late-Titled-Tuesday-Blitz-September-12-2023"]
[Site "Chess.com"]
[Date "2023.09.12"]
[Round "5"]
[White "Nekoo04"]
[Black "falzehope0"]
[Result "1-0"]
[WhiteElo "2278"]
[BlackElo "2384"]
[TimeControl "180+1"]
[EndTime "14:53:50 PDT"]
[Termination "Nekoo04 won by checkmate"]

1. d4 e6 2. c4 d5 3. Nf3 c6 4. g3 Bd6 5. Bg2 f5 6. O-O Nf6 7. Nc3 O-O 8. Qc2 Qe8 9. Rb1 Qh5 10. c5 Bc7 11. b4 a6 12. a4 Nbd7 13. b5 axb5 14.
axb5 e5 15. bxc6 bxc6 16. dxe5 Nxe5 17. Bf4 Nxf3+ 18. Bxf3 Qf7 19. Bxc7 Qxc7 20. Rfd1 f4 21. Qb3 fxg3 22. hxg3 Qe5 23. Nxd5 Nxd5 24. Rxd5 cxd5 25. Qxd5+ Qe6 26. Qxa8 Qf6 27. Qd5+ Be6 28. Qe4 Kh8 29.
Rc1 Bf5 30. Qc4 Qg6 31. c6 Bc8 32. c7 Qf6 33. Rd1 h6 34. Qd4 Qf7 35. Qd8 Qf5 36. Qxf8+ Qxf8 37. Rd8 Kg8 38. Bd5+ Kh7 39. Rxf8 Bd7 40.
Rd8 Bg4 41. Be4+ g6 42. f3 Be6 43. Bd5 Bf5 44. e4 Bh3 45. Kh2 h5 46. Kxh3 Kh6 47. c8=Q Kg5 48. Rh8 Kf6 49. Qd8+ Ke5 50. Qe7+ Kd4 51.
Qb4+ Ke3 52. Qe1+ Kd4 53. Qd2+ Kc5 54. Qc3+ Kd6 55. Rd8+ Ke7 56. Qc7+ Kf6 57. Qf4+ Ke7 58. Qf8# 1-0

[Event "Late-Titled-Tuesday-Blitz-September-12-2023"]
[Site "Chess.com"]
[Date "2023.09.12"]
[Round "5"]
[White "kingofthenil"]
[Black "tteshan"]
[Result "1-0"]
[WhiteElo "2793"]
[BlackElo "2536"]
[TimeControl "180+1"]
[EndTime "14:53:52 PDT"]
[Termination "kingofthenil won by resignation"]

1. e4 c5 2. Nf3 Nc6 3. d4 cxd4 4. Nxd4 g6 5. g3 Bg7 6. Ne2 Nf6 7. Bg2 O-O 8. O-O d6 9. h3 a6 10. c4 Be6 11. Na3 Rc8 12. Nf4 Bd7 13. Be3 Qa5 14.
Nc2 Ne5 15. b3 Bc6 16. Nd5 Bxd5 17. cxd5 Qc3 18. Nd4 Qd3 19. Rc1 Qxd1 20. Rfxd1 Ned7 21. Ne2 Rfe8 22. b4 Ne5 23. Rxc8 Rxc8 24. Rc1 Rxc1+ 25.
Nxc1 Nc4 26. Ba7 Nd7 27. Kf1 b6 28. Ke2 Kf8 29. f4 Ke8 30. Kd3 Nb2+ 31. Kc2 Kd8 32. e5 Nc4 33. e6 fxe6 34. dxe6 Nf8 35. Bb7 Kc7 36. Bxa6 Ne3+ 37. Kd3 Nd5 38. Kc4 Ne3+ 39. Kb3 Nxe6 40. Ne2 Nd4+ 41. Nxd4 Bxd4 42. a4 e5 43. fxe5 Bxe5 44. a5 Nd5 45. Bc4 Ne7 46. Bxb6+ Kb7 47. b5 d5 48. Bd3 Bxg3 49. Bc5 Nc8 50. b6 Bd6 51. a6+ Kb8 52. Bxd6+ Nxd6 53. Kb4 d4 54. Kc5 Nc8 55. Be4 Ne7 56. a7+ 1-0

[Event "Late-Titled-Tuesday-Blitz-September-12-2023"]
[Site "Chess.com"]
[Date "2023.09.12"]
[Round "5"]
[White "Cirky"]
[Black "Mops_2004"]
[Result "0-1"]
[WhiteElo "2473"]
[BlackElo "2711"]
[TimeControl "180+1"]
[EndTime "14:53:53 PDT"]
[Termination "Mops_2004 won on time"]

1. d4 g6 2. c4 Bg7 3. h4 Nf6 4. Nc3 d6 5. e4 O-O 6. Be2 h5 7.
Bg5 a6 8. Nf3 Bg4 9. O-O Nfd7 10. e5 dxe5 11. dxe5 Nxe5 12. Nxe5 Qxd1 13. Bxd1 Bxe5 14.
Bxg4 Bxc3 15. Bxe7 Re8 16. Bf3 Rxe7 17. bxc3 c6 18. Rab1 Ra7 19. Rfe1 Rxe1+ 20. Rxe1 Kf8 21. Rd1 Ke7 22. Re1+ Kd8 23. g4 hxg4 24. Bxg4 f5 25. Bf3 Nd7 26. Re6 Nf8 27. Rd6+ Ke7 28. c5 Ra8 29. h5 Rd8 30. hxg6 Rxd6 31. cxd6+ Kf6 32.
Bh5 Ne6 33. Kf1 Ng7 34. Be2 Kxg6 35. Bc4 Kf6 36. f4 Nh5 37. Kf2 Nxf4 38. Ke3 Ne6 39. d7 Nd8 40. Kf4 Ke7 41. Kxf5 Kxd7 42. Ke5 Kc7 43.
a4 a5 44. Kf6 b6 45. Ke7 Nb7 46. Bb3 Nc5 47. Bc2 b5 48. axb5 cxb5 49. Kf6 Kd6 50.
Kf5 Kd5 51. Kf4 Kc4 52. Ke3 Kxc3 53. Bg6 b4 54. Ke2 b3 55. Ke1 a4 56. Kd1 a3 57.
Kc1 a2 58. Bb1 a1=Q 0-1

[Event "Late-Titled-Tuesday-Blitz-September-12-2023"]
[Site "Chess.com"]
[Date "2023.09.12"]
[Round "5"]
[White "salomez"]
[Black "Truequitos"]
[Result "0-1"]
[WhiteElo "2292"]
[BlackElo "2442"]
[TimeControl "180+1"]
[EndTime "14:53:53 PDT"]
[Termination "Truequitos won on time"]

1. e4 e6 2. d4 d5 3. Nc3 Bb4 4. Ne2 Nc6 5. e5 Nge7 6. Ng3 O-O 7. a3 Ba5 8. b4 Bb6 9. Be3 f6 10. exf6 Rxf6 11. Bd3 e5 12. dxe5 Nxe5 13. Bxb6 axb6 14. O-O Bg4 15. f3 Be6 16. Re1 N7g6 17. Nce2 c5 18. bxc5 bxc5 19. Nh5 Rf8 20. Bxg6 Nxg6 21.
Neg3 Qd7 22. Qb1 Rfe8 23. Qb2 d4 24. Rab1 Bd5 25. Qb6 Rac8 26. Ne4 Bxe4 27. Rxe4 Rxe4 28. fxe4 Rc7 29. Ng3 Ne5 30. Qb5 Qxb5 31. Rxb5 Nc4 32. Nf5 Nxa3 33. Ra5 Nxc2 34. Ra8+ Kf7 35. Nd6+ Ke6 36.
Nb5 Rc6 37. Re8+ Kf7 38. Rb8 Ne3 39. Rxb7+ Kg6 40. Na7 Ra6 41. Nc8 Ra2 42. Ne7+ Kf6 43. Nd5+ Nxd5 44. exd5 c4 45. d6 Ke6 46. d7 Ke7 47.
Rb4 Rc2 0-1

[Event "Late-Titled-Tuesday-Blitz-September-12-2023"]
[Site "Chess.com"]
[Date "2023.09.12"]
[Round "5"]
[White "GameOverBro"]
[Black "AlejandroBalde"]
[Result "0-1"]
[WhiteElo "2465"]
[BlackElo "2008"]
[TimeControl "180+1"]
[EndTime "14:53:53 PDT"]
[Termination "AlejandroBalde won on time"]

1. e4 c5 2. Nf3 Nc6 3. d4 cxd4 4.
Nxd4 e5 5. Nb5 a6 6. Nd6+ Bxd6 7.
Qxd6 Qf6 8. Qa3 Qg6 9. Qd3 d5 10.
exd5 Bf5 11. Qe3 Nb4 12. Qxe5+ Ne7 13. Na3 O-O 14. Qg3 Nexd5 15. Qxg6 Rfe8+ 16. Be2 Bxg6 17. Kf1 Nxc2 18. Nxc2 Bxc2 19. Bf3 Nb4 20. g3 Be4 21.
Kg2 Nd3 22. Be3 Nxb2 23. Bxe4 Rxe4 24. Rab1 Nc4 25. Rxb7 Nxe3+ 26. fxe3 Rxe3 27. Rf1 Re2+ 28. Kh3 f6 29. Rd1 Re5 30. Rdd7 Rg5 31. Kg2 h5 32. Kf3 Rc8 33. a4 Rc3+ 34. Ke2 Ra3 35. Rb4 Ra5 36.
Rdd4 Re5+ 37. Kd2 Ree3 38. Rb6 Reb3 39. Rxb3 Rxb3 40. Kc2 Ra3 41. Kb2 Re3 42. Rd6 Re2+ 43. Kb3 Rxh2 44. Rxa6 Rh3 45. Kb4 Rxg3 46. Ra8+ Kh7 47.
Rf8 Rg1 48. a5 g5 49. Rxf6 h4 0-1

[Event "Late-Titled-Tuesday-Blitz-September-12-2023"]
[Site "Chess.com"]
[Date "2023.09.12"]
[Round "5"]
[White "micke12a"]
[Black "VitorBronson"]
[Result "1-0"]
[WhiteElo "2398"]
[BlackElo "2540"]
[TimeControl "180+1"]
[EndTime "14:53:55 PDT"]
[Termination "micke12a won by resignation"]

1. e4 c5 2. Nf3 d6 3. d4 cxd4 4. Qxd4 Nc6 5. Qe3 g6 6. Be2 Bg7 7. h3 Nf6 8. O-O O-O 9. Rd1 Qc7 10. c4 b6 11. Nc3 Bb7 12. b3 e6 13. Bb2 Rad8 14.
Rac1 Qb8 15. Qf4 Rfe8 16. Qh4 Nd7 17. Rd2 Nde5 18. Nxe5 dxe5 19. Rcd1 Nd4 20. Bf1 a6 21.
Na4 b5 22. cxb5 axb5 23. Bxb5 Rf8 24. Bc4 Qa8 25. Nc5 Bc6 26. b4 h6 27. Nb3 g5 28.
Qg3 Bxe4 29. Nxd4 exd4 30. Bxd4 Rxd4 31. Rxd4 Bc2 32. R1d2 Bg6 33. Rd7 Qe4 34. Qd3 Qc6 35.
Qe2 Bc3 36. R2d6 Qe4 37. Qxe4 Bxe4 38. b5 Rc8 39. Rd8+ Rxd8 40. Rxd8+ Kg7 41. b6 Ba5 42. Rd6 Bb4 43. Rd4 Bb7 44. Bxe6 Bc5 45. Rd7 Ba6 46. Rxf7+ Kg6 47. b7 Ba7 48. Rf8 Bxb7 49. Rf7 Bd5 50. Bxd5 Bd4 51. Rf3 h5 52. Be4+ Kg7 53. Rd3 g4 54. a4 Bc5 55. hxg4 hxg4 56. g3 Kf7 57. Kg2 Kf6 58. Rd5 Ba7 59. a5 Ke6 60. Rb5 Kd6 61. a6 Bd4 62. Rb7 Ke5 63. a7 Bxa7 64.
Rxa7 Kxe4 65. Rg7 1-0

[Event "Late-Titled-Tuesday-Blitz-September-12-2023"]
[Site "Chess.com"]
[Date "2023.09.12"]
[Round "5"]
[White "ChEsper99"]
[Black "jinxy2009"]
[Result "1-0"]
[WhiteElo "2232"]
[BlackElo "2296"]
[TimeControl "180+1"]
[EndTime "14:53:55 PDT"]
[Termination "ChEsper99 won by resignation"]

1. e4 c5 2. c3 Nf6 3. e5 Nd5 4.
d4 cxd4 5. cxd4 d6 6. Nf3 Nc6 7. Bc4 Nb6 8. Bb5 Bd7 9. Nc3 dxe5 10. dxe5 g6 11. O-O Bg7 12. Qe2 O-O 13. Rd1 Qc7 14.
Bf4 Bg4 15. Bxc6 Qxc6 16. Rac1 Bxf3 17. Qxf3 Qxf3 18. gxf3 e6 19. Ne4 Nd5 20. Bg3 Rfd8 21. Kf1 h6 22. Ke2 g5 23. h4 gxh4 24. Bxh4 Rd7 25.
Bg3 Kh7 26. Rh1 b6 27. a3 Rad8 28. Rc2 Kg6 29. Rh2 Rc7 30. Rxc7 Nxc7 31. Rh4 Nd5 32.
Rg4+ Kh7 33. Rh4 Rc8 34. Nd6 Rc2+ 35. Kd3 Rxb2 36. Nxf7 Kg6 37. Nd8 Nc7 38. Rc4 Nd5 39. Nxe6 Rb3+ 40. Ke4 Nc3+ 41. Kd4 Nb5+ 42. Ke4 Nxa3 43.
Nf4+ Kh7 44. Rc7 Nb5 45. Rb7 Nc3+ 46. Kf5 Rb5 47. Ne6 Kh8 48. Rxg7 a5 49. Rf7 Nd5 50. Bh4 Rb3 51. Bf6+ Nxf6 52. Kxf6 Rxf3+ 53. Kg6 Rxf7 54. Kxf7 a4 55. Nd4 a3 56. Nb3 b5 57. e6 b4 58. e7 a2 59. e8=Q+ 1-0

[Event "Late-Titled-Tuesday-Blitz-September-12-2023"]
[Site "Chess.com"]
[Date "2023.09.12"]
[Round "5"]
[White "HalfIsCrayfish"]
[Black "wild3000"]
[Result "0-1"]
[WhiteElo "2546"]
[BlackElo "2433"]
[TimeControl "180+1"]
[EndTime "14:53:57 PDT"]
[Termination "wild3000 won by resignation"]

1. d4 g6 2. Nd2 d5 3. e4 Bg7 4. e5 c5 5. c3 Nc6 6. Ne2 Bg4 7. f3 Bf5 8. g4 Bd3 9. Nb3 c4 10. Nd2 e6 11. Ng3 Bxf1 12. Kxf1 h5 13. h3 hxg4 14. hxg4 Rxh1+ 15. Nxh1 Qh4 16. Kg2 O-O-O 17.
Nf2 Nxe5 18. dxe5 Bxe5 19. Qh1 Qe7 20. f4 Bxf4 21. Nf3 Bxc1 22. Rxc1 Nf6 23. Qh2 Nd7 24.
Re1 Qc5 25. Qf4 Rf8 26. Ne5 Nxe5 27. Qxe5 Qc7 28. g5 Qxe5 29. Rxe5 Kd7 30. Ng4 Kd6 31. Re3 b5 32. Rf3 a5 33. Kf2 b4 34. Nh6 Ke7 35.
Rf6 bxc3 36. bxc3 a4 37. Ke3 a3 38. Kd4 Kd6 39. Rxf7 e5+ 40. Ke3 Rb8 41. Rf6+ Kc5 42. Ra6 d4+ 43. cxd4+ exd4+ 44. Ke4 Re8+ 45. Kf3 Kb4 46.
Ng4 d3 47. Nf2 d2 48. Rd6 Rf8+ 49. Ke2 c3 50. Nd3+ Kc4 51. Ne5+ Kc5 52. Re6 Rf5 53. Nf3 Rxf3 54. Kd1 Rf1+ 55. Kc2 Rc1+ 0-1

[Event "Late-Titled-Tuesday-Blitz-September-12-2023"]
[Site "Chess.com"]
[Date "2023.09.12"]
[Round "5"]
[White "ChessDokmus"]
[Black "Inepton_Fermion"]
[Result "0-1"]
[WhiteElo "2191"]
[BlackElo "2359"]
[TimeControl "180+1"]
[EndTime "14:53:58 PDT"]
[Termination "Inepton_Fermion won by resignation"]

1. e4 c5 2. Nf3 e6 3. d4 cxd4 4. c3 d5 5. exd5 Qxd5 6. cxd4 Nf6 7. Nc3 Qd6 8. Bd3 Be7 9. O-O O-O 10. h3 Nc6 11. Be3 b6 12. Ne4 Nxe4 13. Bxe4 Bb7 14. Rc1 Rac8 15. Ne5 Na5 16. Bxb7 Nxb7 17. Qf3 Qd5 18.
Rxc8 Rxc8 19. Qxf7+ Kh8 20. Qxe7 a6 21. Nf7+ Kg8 22.
Rc1 Rxc1+ 23. Bxc1 h6 24. Qe8+ Kh7 25. Qh8+ Kg6 26.
Ne5+ Kf5 27. Qh7+ Kf6 28. Qg6+ Ke7 29. Qxg7+ Ke8 30. Qd7+ Qxd7 31. Nxd7 Kxd7 32. Bxh6 Nd6 33. Be3 a5 34. g4 a4 35. b3 b5 36. h4 Ne4 37. bxa4 bxa4 38. a3 Ke7 39. Kg2 Kf7 40. Kf3 Nc3 41. Bc1 Nb5 42. Ke4 Nd6+ 43. Kd3 Kg6 44.
h5+ Kg7 45. f4 Kf7 46. Bd2 Nb5 47. Bb4 Nc7 48. Ke4 Nd5 49. g5 Nxb4 50. g6+ Kg7 51. axb4 a3 52. Ke5 a2 53. Kxe6 a1=Q 54. d5 Qf6+ 55. Kd7 Qxf4 56. d6 Qxb4 57. Kc7 Qc5+ 58. Kd7 Qxh5 59. Ke7 Qe5+ 60. Kd7 Kxg6 61. Kc7 Kf7 62.
Kc6 Ke8 63. Kc7 Qe6 64. Kc6 Kd8 65. Kb5 Kd7 0-1

[Event "Late-Titled-Tuesday-Blitz-September-12-2023"]
[Site "Chess.com"]
[Date "2023.09.12"]
[Round "5"]
[White "ameetghasi100"]
[Black "Polish_fighter3000"]
[Result "0-1"]
[WhiteElo "2690"]
[BlackElo "3077"]
[TimeControl "180+1"]
[EndTime "14:54:01 PDT"]
[Termination "Polish_fighter3000 won on time"]

1. Nf3 f5 2. d4 Nf6 3. Bg5 e6 4. Nbd2 d5 5. e3 Bd6 6. c4 O-O 7.
Bd3 c6 8. Ne5 Nbd7 9. f4 Be7 10.
O-O Nxe5 11. fxe5 Ng4 12. Bxe7 Qxe7 13. Qe2 Bd7 14. a3 a5 15. h3 Nh6 16. Rac1 Nf7 17.
cxd5 exd5 18. Bxf5 Nxe5 19. Bxh7+ Kxh7 20. Qh5+ Kg8 21. dxe5 Rae8 22. Rxf8+ Rxf8 23. Rf1 Rxf1+ 24. Kxf1 Qc5 25. Qg5 Kh7 26. Qh5+ Kg8 27. Qg5 Kf7 28. Nf3 Qc1+ 29. Kf2 Qxb2+ 30. Kg3 Qb1 31. e6+ Bxe6 32. Ne5+ Ke8 33. Qxg7 Qe4 34. Ng6 Bf5 35. Qf8+ Kd7 36. Qf7+ Kd6 37. Qf8+ Kd7 38. Qf7+ Kd8 39. Qf8+ Kc7 40.
Ne7 Qxe3+ 41. Kh2 Qe5+ 42. Kg1 Bd7 43. Qf7 d4 44. Ng6 Qe3+ 45. Kh2 d3 46. Nf8 Qe5+ 47.
Kg1 Qd4+ 48. Kh2 Qd6+ 49. g3 d2 50. Nxd7 Qxd7 51. Qf4+ Qd6 52. Qf7+ Kb8 53. Qg8+ Ka7 54. Qg4 d1=Q 55. Qxd1 Qxd1 56. g4 Qe2+ 0-1

[Event "Late-Titled-Tuesday-Blitz-September-12-2023"]
[Site "Chess.com"]
[Date "2023.09.12"]
[Round "5"]
[White "dretch"]
[Black "GlavkonVVS"]
[Result "1/2-1/2"]
[WhiteElo "2851"]
[BlackElo "2592"]
[TimeControl "180+1"]
[EndTime "14:54:02 PDT"]
[Termination "Game drawn by repetition"]

1. d4 Nf6 2. c4 e6 3. Nc3 Bb4 4. Qc2 c5 5. dxc5 Nc6 6. Nf3 Qa5 7. Bd2 Qxc5 8. e3 O-O 9. a3 Bxc3 10. Bxc3 d5 11. b4 Qe7 12. b5 Nb8 13. Bb4 Qd8 14.
Bxf8 Qxf8 15. Bd3 dxc4 16. Bxc4 Nbd7 17. O-O b6 18. Nd4 Bb7 19. Rfc1 Rc8 20. Qd2 Ne4 21. Qb4 Ndc5 22. Be2 Qd8 23. Rd1 Qh4 24. Qe1 Ng5 25.
Nc6 Kf8 26. Qd2 g6 27. Qd6+ Kg7 28. Qe5+ f6 29. Qd4 Qxd4 30. exd4 Na4 31. Rdc1 a5 32. bxa6 Bxc6 33. a7 Ra8 34. Rxc6 Rxa7 35. Rac1 Kh6 36. h4 Ne4 37. Rxe6 Nac3 38. Bf3 f5 39. Bxe4 Ne2+ 40. Kh2 Nxc1 41. Bf3 Rxa3 42. Rxb6 Rd3 43. d5 Rd4 44.
h5 Nd3 45. hxg6 hxg6 46. Kg1 Ne5 47. Rb5 Kg5 48. Be2 Kf6 49. Kf1 Ke7 50. g3 Nd7 51. Ra5 g5 52. Kg2 g4 53. Kf1 Kd6 54. Ke1 Rxd5 55.
Ra6+ Ke5 56. Bd1 Nc5 57. Ra3 Nd3+ 58. Ke2 Nc1+ 59. Ke1 Nd3+ 60. Ke2 Nc1+ 61. Ke1 Nd3+ 1/2-1/2

[Event "Late-Titled-Tuesday-Blitz-September-12-2023"]
[Site "Chess.com"]
[Date "2023.09.12"]
[Round "5"]
[White "chessdjw"]
[Black "Chessdreamer2020"]
[Result "0-1"]
[WhiteElo "2724"]
[BlackElo "2527"]
[TimeControl "180+1"]
[EndTime "14:54:03 PDT"]
[Termination "Chessdreamer2020 won by checkmate"]

1. e4 d6 2. d4 Nf6 3. Nc3 c6 4. Nf3 Bg4 5. h3 Bxf3 6. Qxf3 e6 7. Bd3 d5 8. e5 Nfd7 9. Ne2 c5 10. c3 Nc6 11. O-O Rc8 12. a3 Qb6 13. Be3 Ncxe5 14. dxe5 Nxe5 15. Qg3 Nxd3 16. b4 Qc7 17. f4 g6 18. Ra2 Bg7 19. Rd2 c4 20. Bd4 O-O 21. h4 h5 22. Qg5 Qd8 23. Qg3 a5 24. f5 exf5 25. Rxf5 Bxd4+ 26. Nxd4 Kh7 27. Qf3 gxf5 28. Qxh5+ Kg8 29. Nxf5 Rc6 30. Re2 Re8 31. Qg5+ Rg6 32. Rxe8+ Qxe8 33. Ne7+ Kg7 34. Nxg6 fxg6 35. Qxd5 Qe1+ 36.
Kh2 Qxh4+ 37. Kg1 Qf2+ 38. Kh1 Qh4+ 39. Kg1 axb4 40. Qd7+ Kh6 41. axb4 Qf2+ 42. Kh2 Qf4+ 43. Kg1 Qe3+ 44. Kh2 Qe5+ 45. Kg1 Nf4 46. Qd2 g5 47. g3 Ne2+ 48. Kf2 Nxc3 49. Qd7 Ne4+ 50. Kf3 Nf6 51. Qh3+ Kg6 52. Qc8 Qe4+ 53. Kf2 Ng4+ 54. Kf1 Qf3+ 55. Ke1 Qf2+ 56. Kd1 Ne3+ 57. Kc1 Qc2# 0-1

[Event "Late-Titled-Tuesday-Blitz-September-12-2023"]
[Site "Chess.com"]
[Date "2023.09.12"]
[Round "5"]
[White "rookoco"]
[Black "valemava"]
[Result "1-0"]
[WhiteElo "2714"]
[BlackElo "2366"]
[TimeControl "180+1"]
[EndTime "14:54:05 PDT"]
[Termination "rookoco won on time"]

1. e4 c5 2. Nf3 Qa5 3. Nc3 a6 4. Be2 b5 5. O-O Bb7 6. d4 cxd4 7. Nxd4 b4 8. Nd5 e6 9. Re1 Nc6 10. Nb3 Qd8 11. Bf4 d6 12. Ne3 Nf6 13. Bf3 Ne5 14.
Bxe5 dxe5 15. Qxd8+ Rxd8 16. Nc4 Nd7 17. Nca5 Ba8 18.
Be2 Nb8 19. f3 Rc8 20. Rac1 Be7 21. Nc4 Nc6 22. Red1 Bg5 23. Ra1 Ke7 24. Kf2 Rhd8 25. Rxd8 Rxd8 26. a3 a5 27. axb4 axb4 28. Bd3 Nd4 29.
Ra7+ Kf8 30. Nc5 Be7 31. Na4 f6 32. Nab6 Bc6 33. Na5 Bb5 34. Nb7 Re8 35. Bxb5 Nxb5 36. Ra5 Nd4 37. c3 Nc6 38. Ra6 bxc3 39. Nd7+ Kf7 40.
Rxc6 cxb2 41. Rb6 Rd8 42. Nxd8+ Bxd8 43. Rxb2 Ke7 44. Nb6 Bc7 45. Nc4 f5 46. Rd2 g5 47.
Rd3 h5 48. h3 h4 49. Ke2 Bb8 50. Kd1 Ba7 51. Kc2 Bd4 52. Kb3 Bf2 53. Ka4 g4 54. hxg4 fxg4 55. fxg4 Kf6 56. Kb5 Bg3 57. Rf3+ Kg5 58.
Ne3 Bf4 59. Kc6 Bg3 60. Kd7 Bh2 61. Kxe6 Bg1 62. Rf5+ Kg6 63. Nc4 Bh2 64. Nxe5+ Kh6 65. Nf3 Bg3 66. g5+ Kh5 67. Kf6 1-0

[Event "Late-Titled-Tuesday-Blitz-September-12-2023"]
[Site "Chess.com"]
[Date "2023.09.12"]
[Round "5"]
[White "ArturoCaceres"]
[Black "MightyGMpretender"]
[Result "0-1"]
[WhiteElo "2462"]
[BlackElo "2734"]
[TimeControl "180+1"]
[EndTime "14:54:06 PDT"]
[Termination "MightyGMpretender won on time"]

1. e4 g6 2. d4 Bg7 3. Nf3 d6 4. Bd3 Nc6 5. c3 e5 6. d5 Nce7 7. c4 f5 8. Nc3 Nf6 9. O-O O-O 10. Ne1 h5 11. exf5 gxf5 12. f4 e4 13. Be2 Qe8 14. Nc2 Bd7 15. Nd4 Rd8 16. Be3 Ng4 17.
Bxg4 hxg4 18. Qd2 Qh5 19. Nde2 Kf7 20. Ng3 Qh4 21. Bd4 Rh8 22. Kf2 Bxd4+ 23. Qxd4 a6 24. Qe3 Ng6 25. Ne2 Qf6 26. Rh1 Rh4 27. Qc3 Qxc3 28.
bxc3 b6 29. Nf1 Rdh8 30. g3 R4h7 31. Kg2 Kf6 32. Ne3 Bc8 33. Rab1 Nf8 34. Nd4 Rh5 35. a4 a5 36. Nb5 R8h7 37. Na7 Bd7 38. Nb5 Bxb5 39.
cxb5 Nd7 40. Ra1 Nc5 41. Kg1 Nb3 42. Rb1 Nd2 43. Rf1 Nf3+ 44. Rxf3 exf3 45. Nc2 Re7 46. Kf1 Re2 47. Nd4 Rhxh2 48. Rxh2 Rxh2 49. Ne6 Rh7 50. Kf2 Re7 51. Nd4 Re4 52. Kf1 Re3 53. c4 Re4 54. Ne6 Rxc4 55. Kf2 Rc2+ 56. Kf1 Rc4 57.
Kf2 Rxa4 58. Nxc7 Rb4 59. Ke3 a4 60. Ne8+ Ke7 61. Ng7 a3 62. Nxf5+ Kd7 63. Kd3 a2 0-1

[Event "Late-Titled-Tuesday-Blitz-September-12-2023"]
[Site "Chess.com"]
[Date "2023.09.12"]
[Round "5"]
[White "Chessdemon2019"]
[Black "GMJustin"]
[Result "0-1"]
[WhiteElo "2380"]
[BlackElo "2240"]
[TimeControl "180+1"]
[EndTime "14:54:08 PDT"]
[Termination "GMJustin won by checkmate"]

1. e4 e5 2. Nf3 Nc6 3. Bc4 Nf6 4. d3 Be7 5. c3 O-O 6. O-O d6 7. Nbd2 Na5 8. Bb5 a6 9. Ba4 c5 10. d4 cxd4 11. cxd4 Bg4 12. h3 Bh5 13. d5 Rc8 14. Nb3 Nxe4 15. Nxa5 Qxa5 16. Be3 Bxf3 17. gxf3 Nc5 18. Bc2 Qb4 19. Bf5 Rc7 20. a3 Qxb2 21. Qe1 g6 22. Bxc5 Rxc5 23. Bd3 Qd4 24. Qe4 Qxd5 25.
Rab1 b5 26. a4 bxa4 27. Bxa6 Qe6 28. Kg2 Ra5 29. Bc4 d5 30. Qe1 Ra7 31. Bd3 a3 32. Ra1 a2 33. Qe3 d4 34. Qe2 Kg7 35. Bc4 Qf5 36.
Rxa2 Rxa2 37. Bxa2 Rd8 38. Rd1 d3 39. Qe4 Qxe4 40.
fxe4 f5 41. Kf3 Rd4 42. exf5 e4+ 43. Ke3 Bc5 44. Bb1 gxf5 45. Kf4 Rb4 46. Kxf5 Bxf2 47. Kf4 e3+ 48. Kf3 e2 49. Rh1 e1=Q 50. Rxe1 Bxe1 51.
Bxd3 Rb3 52. Ke2 Bh4 53. Bf5 h5 54. Kf1 Rc3 55. Kg2 Kh6 56. Be6 Kg5 57. Bd7 Re3 58.
Bc8 Kf4 59. Bd7 Re2+ 60. Kf1 Rd2 61. Bc6 Kg3 62. Bb5 Kxh3 63. Be2 Bg3 64. Bxh5 Rf2+ 65. Kg1 Rf5 66. Be2 Bh2+ 67. Kh1 Rf2 68. Bg4+ Kg3 69.
Bh3 Rb2 70. Bg2 Rb1+ 71. Bf1 Rxf1# 0-1

[Event "Late-Titled-Tuesday-Blitz-September-12-2023"]
[Site "Chess.com"]
[Date "2023.09.12"]
[Round "5"]
[White "HanSchut"]
[Black "likantrophuss"]
[Result "1/2-1/2"]
[WhiteElo "2303"]
[BlackElo "2598"]
[TimeControl "180+1"]
[EndTime "14:54:11 PDT"]
[Termination "Game drawn by agreement"]

1. e4 d5 2. exd5 Qxd5 3. Nc3 Qd8 4. d4 Nf6 5. Nf3 Bg4 6. Bc4 e6 7. h3 Bh5 8. g4 Bg6 9. Ne5 Nbd7 10. Qe2 Nb6 11.
Bb3 Qxd4 12. Nb5 Qd8 13. Bf4 Bd6 14. O-O-O O-O 15. Nxg6 hxg6 16. Nxd6 cxd6 17. Bxd6 Re8 18. h4 Nfd5 19. Be5 a5 20. a3 a4 21. Ba2 Rc8 22.
Kb1 f6 23. c4 Nxc4 24. Bxc4 fxe5 25. h5 b5 26. Bd3 Nf4 27. Qe4 Nxd3 28. Rxd3 Qf6 29. Qxg6 Red8 30. Rxd8+ Rxd8 31. Qc2 Qf4 32. h6 e4 33. hxg7 Kxg7 34. Qc3+ Kg6 35. Rg1 Qf3 36. Ka2 Qxc3 37. bxc3 Rd2+ 38. Kb1 Rxf2 39. Re1 Rf4 40. Rg1 Kg5 41. Kc2 e5 42. Rd1 Kxg4 43. Rd5 Kf5 44. Rxb5 Rf2+ 45. Kd1 Ra2 46. Rb4 Rxa3 47. c4 Kf4 48. c5 Rc3 49. Rxa4 Rxc5 50. Ra2 e3 51. Ke2 Rd5 52. Ra4+ e4 53. Ra8 Rd2+ 54. Ke1 Rf2 55. Rf8+ Kg3 56. Rg8+ Kf3 57. Rf8+ Kg3 58. Rg8+ Kh4 59.
Rh8+ Kg4 60. Rg8+ Kh5 61. Re8 Rf4 62. Ke2 Rf2+ 63. Kxe3 Rf5 64. Rxe4 Rg5 65. Rf4 1/2-1/2

[Event "Late-Titled-Tuesday-Blitz-September-12-2023"]
[Site "Chess.com"]
[Date "2023.09.12"]
[Round "5"]
[White "lgsalazar94"]
[Black "djano"]
[Result "1-0"]
[WhiteElo "2480"]
[BlackElo "2634"]
[TimeControl "180+1"]
[EndTime "14:54:11 PDT"]
[Termination "lgsalazar94 won by resignation"]

1. d4 d5 2. c4 e6 3. Nf3 c5 4. cxd5 exd5 5. Nc3 Nc6 6. dxc5 d4 7. Na4 b5 8. cxb6 axb6 9. e3 Nf6 10. Bb5 Bd7 11. O-O Be7 12. exd4 O-O 13. d5 Nb4 14. Bxd7 Nxd7 15. Nc3 Bf6 16. a3 Na6 17. Ne4 Nac5 18. Nxf6+ Qxf6 19. Rb1 Qg6 20. Be3 Ne4 21. Qd3 f5 22.
Rfd1 Rfe8 23. Bd4 h5 24. Nd2 Ng5 25. Rbc1 Re7 26. h3 Rae8 27. Qg3 h4 28. Qxh4 Re2 29. Qg3 f4 30. Qg4 Nf6 31. Bxf6 Qxf6 32. Nf3 Ne4 33. Rf1 Qxb2 34. Rc7 Rxf2 35. Re1 Rc2 36.
Rxc2 Qxc2 37. Qxf4 Qc5+ 38. Kh2 Qxd5 39. Re3 b5 40.
Qg4 Qd6+ 41. Kg1 Qd1+ 42. Kh2 Qd6+ 43. Kg1 Qd5 44. Re1 Re7 45. Qf4 Qc5+ 46. Qe3 Qd6 47. Nd4 Qc5 48. Nf3 Qc6 49. Qb3+ Kh8 50. Qe3 Re8 51. Nd4 Qd7 52. Nf3 Nf6 53. Qf2 Rf8 54. Qe3 Qc6 55. Rc1 Qd7 56. Rc5 Re8 57. Qg5 Ne4 58. Qh4+ Kg8 59. Rh5 Nf6 60. Rh8+ Kf7 61.
Ng5+ Kg6 62. Rxe8 Qxe8 63. Nf3 Qe3+ 64. Kh2 Qxa3 65. Qg3+ Kf7 66. Ne5+ Ke6 67. Qxa3 Kxe5 68. Qe7+ Kf5 69. Qxg7 Ne4 70. Qg4+ Ke5 71. Qh5+ Kd4 72. Qxb5 1-0